 Dungeon Crawl Stone Soup version 0.32-a0-576-g706899e69d (webtiles) character file.

Game seed: 4287684716570014308

188 Aldia the Apothecary (level 5, -1/34 HPs)
             Began as an Octopode Alchemist on Mar 2, 2024.
             Was an Initiate of Gozag.
             Slain by a sleepcap (7 damage)
             ... on level 4 of the Dungeon.
             The game lasted 00:04:21 (3463 turns).

Aldia the Apothecary (Octopode Alchemist)           Turns: 3463, Time: 00:04:22

Health: -1/34      AC:  1    Str:  7    XL:     5   Next: 67%
Magic:  2/9        EV: 13    Int: 19    God:    Gozag
Gold:   182        SH:  0    Dex: 13    Spells: 3/9 levels left

rFire   . . .        m - +0 dagger (elec)
rCold   . . .        (no shield)
rNeg    . . .        (helmet restricted)
rPois   .            (no amulet)
rElec   .            (no ring)
rCorr   .            (no ring)
SInv    .            (no ring)
Will    .....        (no ring)
Stlth   +++          (no ring)
HPRegen 0.25/turn    (no ring)
MPRegen 0.11/turn    (no ring)
                     (no ring)

%: no passive effects
@: no status effects
A: almost no armour, amphibious, 8 rings, camouflage 1, gelatinous body 1,
(nimble swimmer 1), tentacles
a: Renounce Religion, Potion Petition, Call Merchant, Bribe Branch


You were on level 4 of the Dungeon.
You worshipped Gozag.
Gozag was aware of your devotion.
You visited 1 branch of the dungeon, and saw 4 of its levels.

You collected 233 gold pieces.
You paid 51 gold pieces to Gozag.

Inventory:

Hand Weapons
 m - a +0 dagger of electrocution (weapon)
Missiles
 s - 2 throwing nets
Scrolls
 c - a scroll of amnesia {unknown}
 e - a scroll of blinking {unknown}
 f - a scroll of brand weapon {unknown}
 g - 2 scrolls of poison
 i - a scroll of revelation
 j - a scroll of vulnerability {unknown}
 k - a scroll of enchant weapon {unknown}
 n - a scroll of teleportation {unknown}
 q - a scroll of fear {unknown}
 r - a scroll of noise {unknown}
Potions
 a - a potion of magic
 b - a potion of ambrosia {unknown}
 d - a potion of lignification {unknown}
 h - a potion of curing {unknown}
 l - 2 potions of resistance {unknown}
 o - a potion of cancellation {unknown}
 p - a potion of degeneration {unknown}


   Skills:
 + Level 1.8 Fighting
 - Level 2.0 Dodging
 - Level 3.0 Stealth
 + Level 2.9 Spellcasting
 + Level 2.1 Conjurations
 + Level 2.0 Air Magic
 + Level 4.5 Alchemy


You had 3 spell levels left.
You knew the following spells:

 Your Spells              Type           Power      Damage    Failure   Level
a - Sting                 Conj/Alch      60%        1d6       4%          1
b - Mercury Vapours       Alch/Air       30%        N/A       6%          2
c - Mephitic Cloud        Conj/Alch/Air  13%        N/A       14%         3

Your spell library contained the following spells:

 Spells                   Type           Power      Damage    Failure   Level
 Olgreb's Toxic Radiance  Alch           19%        N/A       24%         4
 Sticky Flame             Fire/Alch      11%        2d5       52%         4


Dungeon Overview and Level Annotations

Branches:
Dungeon (4/15)
 Temple: D:4-7

Altars:
Gozag

Shops:
D:2 [   D:3 [


Innate Abilities, Weirdness & Mutations

You cannot wear most types of armour.
You are amphibious.
You can wear up to eight rings at the same time.
Your skin changes colour to match your surroundings (Stealth+).
Your rubbery body absorbs attacks. (AC +1, EV +1)
((You are camouflaged when in or above water. (Stealth+)))
You have tentacles for arms and can constrict up to eight enemies at once.


Message History

Things that are here:
5 gold pieces; a +0 club You closely miss the gnoll.
You grab the gnoll.
The gnoll is moderately wounded.
You constrict the gnoll.
The gnoll hits you with a +1 vampiric spear.
The gnoll draws strength from your wounds!
You hit the gnoll.
The gnoll is heavily wounded.
You constrict the gnoll.
The gnoll hits you with a +1 vampiric spear.
You hit the gnoll but do no damage.
The gnoll is almost dead.
You constrict the gnoll.
You kill the gnoll!
Your Air Magic skill increases to level 2!
You now have 182 gold pieces (gained 12).
s - 2 throwing nets
Things that are here:
a +1 vampiric spear; 2 stones; a +0 halberd A gnoll comes into view.
It is wielding a +0 halberd.
Your magical contamination has completely faded away.
Things that are here:
5 gold pieces; a +0 club A sleepcap comes into view.
The sleepcap releases spores at you.
You are engulfed in a cloud of soporific spores!
You fall asleep.
The sleepcap releases spores at you!
You wake up.
* * * LOW HITPOINT WARNING * * *
Unknown command.
Unknown command.
Okay, then.
Okay, then.
The sleepcap completely misses you.
There is a stone staircase leading up here.
Unknown command.
The sleepcap releases spores at you!
You die...
Your body crumbles into a pile of gold.

..........#
.....g.)$$# ########
###..####.###......##
# #.##........##
#............#
###..........#
#...........#
#....gf.....#
#...#...@....#
#≈≈≈≈~~#..)....##
####...#.......##
#............#
.%#..........#
####..........#
#..........#
#.......)..#
..............


You could see a sleepcap and a gnoll.

Vanquished Creatures
  A phantom (D:4)
  3 adders
  3 gnolls (D:4)
  A dart slug (D:3)
  4 endoplasms
  A giant cockroach (D:1)
  9 goblins
  6 hobgoblins
  2 quokkas (D:2)
  6 ball pythons
  6 bats
  4 frilled lizards
  5 kobolds
  5 rats
56 creatures vanquished.

Notes
Turn   | Place    | Note
-------+----------+-------------------------------------------
     0 | D:1      | Aldia the Octopode Alchemist began the quest for the Orb.
     0 | D:1      | Reached XP level 1. HP: 11/11 MP: 3/3
   344 | D:1      | Found a faded altar of an unknown god.
   404 | D:1      | Reached XP level 2. HP: 17/17 MP: 0/5
   421 | D:1      | Learned a level 2 spell: Mercury Vapours
  1214 | D:2      | Reached XP level 3. HP: 8/22 MP: 2/6
  1218 | D:2      | Learned a level 3 spell: Mephitic Cloud
  1512 | D:2      | Found Wofupig's Antique Armour Emporium.
  1681 | D:2      | Reached skill level 1 in Air Magic
  1681 | D:2      | Reached skill level 4 in Alchemy
  1957 | D:2      | Reached skill level 1 in Fighting
  2089 | D:2      | Reached XP level 4. HP: 28/28 MP: 5/7
  2581 | D:3      | Found Udabrupp's Armour Emporium.
  2683 | D:3      | Found an opulent altar of Gozag.
  2703 | D:3      | Became a worshipper of Gozag Ym Sagoz the Greedy
  3340 | D:4      | Noticed a phantom
  3354 | D:4      | Killed a phantom
  3355 | D:4      | Reached XP level 5. HP: 18/34 MP: 7/9
  3463 | D:4      | Slain by a sleepcap

Illustrated notes

Levels and vault maps discovered:
D:1:      minmay_arrival_three_doors, layout_basic,
          dreamdust_ecumenical_altar_statues
D:2:      layout_loops_corners, serial_shops, nicolae_shop_rolling_square,
          chequers_serial_rivers_large_b
D:3:      layout_loops_ring, nicolae_gozag_seed_capital, serial_shops, shop,
          minmay_statues_item
D:4:      layout_rooms, mainiacjoe_overflow_small_starburst,
          minmay_temple_entry_glassed_door, serial_library,
          serial_library_hellmonk_junction,
          serial_library_regret_index_double_sided,
          serial_library_hellmonk_statue_hall,
          serial_library_hellmonk_recessed_alcove,
          serial_library_hellmonk_small_corner,
          serial_library_regret_index_headful,
          serial_library_regret_index_multi, serial_library_hellmonk_room_a,
          chequers_serial_rivers_micro_b, uniq_grinder

Skill      XL: |  1  2  3  4  5 |
---------------+----------------+-----
Stealth        | 3 |  3.0
Air Magic      | 1 2 |  2.0
Alchemy        | 4 |  4.5
Fighting       | 1 |  1.8
Conjurations   | 2 |  2.1
Dodging        | |  2.0
Spellcasting   | |  2.9

Action                     |  1- 3 |  4- 6 || total
---------------------------+-------+-------++-------
  Melee: Dagger            |    25 |    28 ||    53
         Tentacles         |     5 |     7 ||    12
         Constrict         |     5 |     6 ||    11
         Whip              |     1 |       ||     1
   Cast: Sting             |    40 |    18 ||    58
         Mercury Vapours   |     1 |       ||     1
         Mephitic Cloud    |       |     1 ||     1
    Use: Scroll            |     1 |     1 ||     2
   Stab: Sleeping          |     6 |     5 ||    11
 Armour: Skin              |    14 |    16 ||    30
  Dodge: Dodged            |    17 |    13 ||    30

Table legend: (Time is in decaauts)
 A = Elapsed time spent in this place.
 B = Non-inter-level travel time spent in this place.
 C = Inter-level travel time spent in this place.
 D = Time resting spent in this place.
 E = Time spent auto-exploring this place.
 F = Levels seen in this place.
 G = Mean time per level.
                   A        B        C        D        E       F      G
               +--------+--------+--------+--------+--------+-----+--------+
         Total |   3460 |   3224 |    236 |      5 |   2796 |   4 |  865.0 |
       Dungeon |   3460 |   3224 |    236 |      5 |   2796 |   4 |  865.0 |
               +--------+--------+--------+--------+--------+-----+--------+

Top non-repeatable levels by time:
     D:2: 1388 daAuts
     D:1: 1183 daAuts
     D:3: 755 daAuts
     D:4: 132 daAuts
